[Event "Skalica Open 2019"]
[Site "Skalica"]
[Date "2019.08.30"]
[Round "8.19"]
[White "Kovarikova, Maria"]
[Black "Kuna, Martin"]
[Result "1/2-1/2"]
[ECO "C10"]
[WhiteElo "1854"]
[BlackElo "1969"]
[Annotator "NA"]
[PlyCount "101"]
[EventDate "2019.08.25"]
[EventType "swiss"]
[EventCountry "SVK"]
[SourceTitle "playchess.com"]
[Source "ChessBase"]
[SourceQuality "1"]
[TimeControl "40/5400+30:1800+30"]

1. e4 e6 2. d4 d5 3. Nd2 dxe4 4. Nxe4 Nd7 5. Nf3 Ngf6 6. Nxf6+ Nxf6 7. c3 c5 8. Bd3 Be7 9. O-O O-O 10. Qc2 h6 11. Qe2 b6 12. dxc5 Bxc5 13. Bf4 Bb7 14. Rad1 Qc8 15. Bb1 Qc6 16. Rfe1 Rfd8 17. Rxd8+ Rxd8 18. h3 Qa4 19. Be5 Ba6 20. Qc2 Qxc2 21. Bxc2 Bb7 22. b4 Be7 23. Nd4 Rc8 24. Bb3 Nd5 25. a3 Rd8 26. c4 Nf6 27. Nb5 Rd3 28. Bc2 Rd2 29. Bb1 a5 30. Bf4 Rb2 31. Be5 Rd2 32. Bc3 Rd8 33. bxa5 bxa5 34. Bxa5 Ra8 35. Bb4 Bxb4 36. axb4 Ra4 37. Rd1 g6 38. Rd8+ Kg7 39. Rb8 Rxb4 40. Bxg6 Rxc4 41. Bxf7 Rc1+ 42. Kh2 Bxg2 43. Bxe6 Bc6 44. Nd4 Be4 45. f3 Bd3 46. f4 Nh5 47. f5 Be4 48. Rg8+ Kf6 49. Rg1 Rxg1 50. Kxg1 Ng7 51. Kf2 1/2-1/2

[Event "Skalica Open 2019"]
[Site "Skalica"]
[Date "2019.08.30"]
[Round "8.20"]
[White "Chan, Naruna"]
[Black "Rakovsky, Jakub"]
[Result "1-0"]
[ECO "B22"]
[WhiteElo "1950"]
[BlackElo "1765"]
[Annotator "NA"]
[PlyCount "51"]
[EventDate "2019.08.25"]
[EventType "swiss"]
[EventCountry "SVK"]
[SourceTitle "playchess.com"]
[Source "ChessBase"]
[SourceQuality "1"]
[TimeControl "40/5400+30:1800+30"]

1. e4 c5 2. c3 e5 3. Nf3 Nc6 4. d4 cxd4 5. cxd4 exd4 6. Nxd4 Nf6 7. Nc3 Bb4 8. Nxc6 bxc6 9. Bd3 d5 10. O-O Bxc3 11. bxc3 dxe4 12. Bc2 O-O 13. Qxd8 Rxd8 14. Bg5 Ba6 15. Rfe1 Bd3 16. Bb3 Rd6 17. Rad1 Rad8 18. Be3 R6d7 19. Bd4 Re7 20. Rxd3 exd3 21. Rxe7 d2 22. Bd1 Nd5 23. Re2 c5 24. Be5 Re8 25. Rxd2 Nb6 26. Re2 1-0

[Event "Skalica Open 2019"]
[Site "Skalica"]
[Date "2019.08.30"]
[Round "8.21"]
[White "Hrubsa, Marian"]
[Black "Ivanov, Alexander"]
[Result "0-1"]
[ECO "B92"]
[WhiteElo "1888"]
[BlackElo "2473"]
[Annotator "ChessBase"]
[PlyCount "120"]
[EventDate "2019.08.25"]
[EventType "swiss"]
[EventCountry "SVK"]
[SourceTitle "playchess.com"]
[Source "ChessBase"]
[SourceQuality "1"]
[TimeControl "40/5400+30:1800+30"]

1. e4 c5 2. Nf3 d6 3. d4 cxd4 4. Nxd4 Nf6 5. Nc3 a6 6. Be2 e5 7. Nb3 Be7 8. O-O O-O 9. Be3 Be6 10. f3 b5 11. Qe1 Qc7 12. a3 Nbd7 13. Rd1 Nb6 14. Bc1 d5 15. exd5 Nbxd5 16. Nxd5 Bxd5 17. Bd3 Bc4 18. Qg3 Rfe8 19. Rfe1 Bf8 20. Bg5 Bxd3 21. cxd3 Qb6+ 22. Be3 Qe6 23. Nd2 Rad8 24. Bg5 Rxd3 25. Bxf6 Qxf6 26. Ne4 Qb6+ 27. Kh1 Rxd1 28. Rxd1 Rd8 29. Re1 b4 30. Qxe5 bxa3 31. bxa3 Bxa3 32. f4 Qd4 33. Qc7 Bb4 34. Rg1 Rf8 35. Ng5 h6 36. Nf3 Qd6 37. Qc4 a5 38. Ra1 Rd8 39. h3 Qd5 40. Qc7 Qd7 41. Qc4 Rc8 42. Qe4 Qc6 43. Qe2 Qc4 44. Qxc4 Rxc4 45. g3 Rc3 46. Kg2 Ra3 47. Rc1 Ra2+ 48. Kf1 a4 49. Nd4 Rb2 50. Nc6 Bf8 51. Na5 a3 52. Nc4 Rb3 53. Kg2 Bb4 54. Ra1 Bc5 55. Ra2 Kf8 56. g4 Ke7 57. f5 Rc3 58. Nd2 Bb4 59. Nb1 Rb3 60. Ra1 Rb2+ 0-1

[Event "Skalica Open 2019"]
[Site "Skalica"]
[Date "2019.08.30"]
[Round "8.22"]
[White "Petkevich, Denis"]
[Black "Polozov, Yaroslavl"]
[Result "1-0"]
[ECO "D30"]
[WhiteElo "1863"]
[BlackElo "1000"]
[Annotator "NA"]
[PlyCount "69"]
[EventDate "2019.08.25"]
[EventType "swiss"]
[EventCountry "SVK"]
[SourceTitle "playchess.com"]
[Source "ChessBase"]
[SourceQuality "1"]
[TimeControl "40/5400+30:1800+30"]

1. d4 d5 2. c4 e6 3. g3 c5 4. Bg2 Nf6 5. Nc3 cxd4 6. Qxd4 Bb4 7. cxd5 Bxc3+ 8. bxc3 exd5 9. Ba3 Nc6 10. Qe3+ Ne7 11. Nh3 Be6 12. Nf4 Qd7 13. Nd3 b6 14. O-O O-O 15. Rfd1 Rfd8 16. Ne5 Nf5 17. Nxd7 Nxe3 18. Nxf6+ gxf6 19. fxe3 Rac8 20. Be7 Rd7 21. Bxf6 Rc4 22. Rd4 Rxc3 23. e4 Rc6 24. exd5 Bxd5 25. Be5 Rc5 26. Rad1 Bxg2 27. Rxd7 Rxe5 28. Kxg2 Rxe2+ 29. Kh3 Rxa2 30. Rf1 b5 31. Rb7 a6 32. Rfxf7 b4 33. Rg7+ Kf8 34. Rxh7 Kg8 35. Rhc7 1-0

[Event "Skalica Open 2019"]
[Site "Skalica"]
[Date "2019.08.30"]
[Round "8.23"]
[White "Fizerova, Lucie"]
[Black "Skreko, Igor"]
[Result "0-1"]
[ECO "B84"]
[WhiteElo "1563"]
[BlackElo "1725"]
[Annotator "NA"]
[PlyCount "74"]
[EventDate "2019.08.25"]
[EventType "swiss"]
[EventCountry "SVK"]
[SourceTitle "playchess.com"]
[Source "ChessBase"]
[SourceQuality "1"]
[TimeControl "40/5400+30:1800+30"]

1. e4 c5 2. Nf3 d6 3. d4 cxd4 4. Nxd4 Nf6 5. Nc3 a6 6. Be2 e6 7. Be3 Be7 8. O-O Qc7 9. Qd2 Nc6 10. f4 O-O 11. Rad1 Rb8 12. a3 b5 13. Rf3 Bb7 14. Bd3 Rfc8 15. f5 e5 16. Nxc6 Bxc6 17. Rg3 Kh8 18. Bg5 a5 19. Ne2 Nxe4 20. Bxe4 Bxe4 21. f6 gxf6 22. Bh4 Rg8 23. Qh6 Rg6 24. Rxg6 fxg6 25. c3 f5 26. Bxe7 Qxe7 27. Qd2 Rd8 28. Ng3 Bc6 29. Qe2 Qa7+ 30. Kh1 Qc5 31. Rf1 Qc4 32. Qf2 Qc5 33. Qe2 f4 34. Ne4 Qc4 35. Qxc4 bxc4 36. Nd2 d5 37. Rd1 Re8 0-1

[Event "Skalica Open 2019"]
[Site "Skalica"]
[Date "2019.08.30"]
[Round "8.24"]
[White "Krakovsky, Peter"]
[Black "Krupnova, Anna"]
[Result "0-1"]
[ECO "A34"]
[WhiteElo "1000"]
[BlackElo "1712"]
[Annotator "NA"]
[PlyCount "64"]
[EventDate "2019.08.25"]
[EventType "swiss"]
[EventCountry "SVK"]
[SourceTitle "playchess.com"]
[Source "ChessBase"]
[SourceQuality "1"]
[TimeControl "40/5400+30:1800+30"]

1. c4 c5 2. Nc3 g6 3. g3 Bg7 4. Bg2 d6 5. d3 Nc6 6. e4 Nf6 7. Nf3 O-O 8. O-O Ne8 9. Rb1 Nc7 10. Nd5 e6 11. Ne3 Rb8 12. b3 b5 13. Bb2 Nd4 14. Nxd4 cxd4 15. Nc2 e5 16. f4 f5 17. Qe1 bxc4 18. bxc4 Na6 19. Ba3 Rxb1 20. Qxb1 fxe4 21. Bxe4 exf4 22. gxf4 Nc5 23. Bd5+ Kh8 24. Qd1 Rxf4 25. Rxf4 Qg5+ 26. Kh1 Qxf4 27. Qe2 Be5 28. Ne1 Bg4 29. Bf3 Nxd3 30. Bxg4 Nxe1 31. Bb4 d3 32. Qd2 Qf1# 0-1

[Event "Skalica Open 2019"]
[Site "Skalica"]
[Date "2019.08.31"]
[Round "9.9"]
[White "Danada, Tomas"]
[Black "Matejovic, Juraj"]
[Result "1/2-1/2"]
[ECO "B33"]
[WhiteElo "2266"]
[BlackElo "2237"]
[Annotator "ChessBase"]
[PlyCount "75"]
[EventDate "2019.08.25"]
[EventType "swiss"]
[EventCountry "SVK"]
[SourceTitle "playchess.com"]
[Source "ChessBase"]
[SourceQuality "1"]
[TimeControl "40/5400+30:1800+30"]

1. e4 c5 2. Nf3 e6 3. d4 cxd4 4. Nxd4 Nc6 5. Nc3 Nf6 6. Ndb5 d6 7. Bf4 e5 8. Bg5 a6 9. Na3 Be6 10. Nc4 Rc8 11. Ne3 Be7 12. Bxf6 Bxf6 13. Ncd5 Bg5 14. c3 O-O 15. Bc4 g6 16. O-O Kg7 17. Qe2 Na5 18. Bd3 f5 19. exf5 gxf5 20. f4 Bh6 21. Nxf5+ Bxf5 22. Bxf5 Rc5 23. Be6 Nc4 24. b3 Rxd5 25. bxc4 Rc5 26. Rab1 exf4 27. Rxb7+ Rc7 28. Rfb1 f3 29. gxf3 Kh8 30. Rxc7 Qxc7 31. Kh1 Qg7 32. Qd3 Bf4 33. Bd5 Qh6 34. Qe2 Qf6 35. Qg2 Qxc3 36. Rg1 h6 37. Qg6 Qb2 38. Qg2 1/2-1/2

[Event "Skalica Open 2019"]
[Site "Skalica"]
[Date "2019.08.31"]
[Round "9.10"]
[White "Havelka, Ondrej"]
[Black "Karas, Marek"]
[Result "1/2-1/2"]
[ECO "E56"]
[WhiteElo "2112"]
[BlackElo "2233"]
[Annotator "NA"]
[PlyCount "80"]
[EventDate "2019.08.25"]
[EventType "swiss"]
[EventCountry "SVK"]
[SourceTitle "playchess.com"]
[Source "ChessBase"]
[SourceQuality "1"]
[TimeControl "40/5400+30:1800+30"]

1. d4 Nf6 2. c4 e6 3. Nc3 Bb4 4. e3 O-O 5. Bd3 d5 6. Nf3 c5 7. O-O Nc6 8. cxd5 exd5 9. dxc5 Bxc5 10. a3 Bg4 11. b4 {[%emt 0:02:29] E56: Nimzo-Indian: Rubinstein: Main Line: 7...Nc6} (11. h3 Bh5 12. b4 Bd6 13. Bb2 Ne5 14. Be2 Nc4 15. Ra2 a5 16. Ba1 axb4 17. axb4 Rxa2 18. Nxa2 Be7 {½-½ (66) Rybko (2403)-Tatar (2501) playchess.com INT 2008}) 11... Bd6 12. Bb2 Ne5 13. Be2 Nc4 14. Qc2 $146 ({Predecessor:} 14. Bxc4 dxc4 15. Qd4 Bxf3 16. gxf3 Rc8 17. Rad1 Bb8 18. Qh4 Qb6 {1-0 (35) Csomos,R (2196)-Kerekes,A (2136) Hungary 2011}) 14... Nxb2 15. Qxb2 Rc8 16. Rfd1 Bxf3 17. Bxf3 Bxh2+ 18. Kxh2 Qc7+ {[%emt 0:00:10] Double Attack} 19. Kg1 Qxc3 20. Qxc3 Rxc3 21. Bxd5 b6 22. Bf3 Rfc8 23. a4 R3c4 24. b5 h5 $11 25. a5 R8c5 26. Bc6 g6 27. a6 Kg7 28. Rd8 Ng4 29. Rf1 Ne5 30. Ra8 Nxc6 31. bxc6 Rxc6 32. Rxa7 Ra4 33. Rb1 Ra2 34. Ra8 Rcc2 35. Rf1 Rcb2 36. a7 h4 37. Kh2 g5 38. Kh3 Ra4 39. g3 Rba2 40. gxh4 gxh4 1/2-1/2

[Event "Skalica Open 2019"]
[Site "Skalica"]
[Date "2019.08.31"]
[Round "9.11"]
[White "Bilczewski, Kacper"]
[Black "Kalisky, Vladimir"]
[Result "1-0"]
[ECO "C54"]
[WhiteElo "2116"]
[BlackElo "2179"]
[Annotator "ChessBase"]
[PlyCount "117"]
[EventDate "2019.08.25"]
[EventType "swiss"]
[EventCountry "SVK"]
[SourceTitle "playchess.com"]
[Source "ChessBase"]
[SourceQuality "1"]
[TimeControl "40/5400+30:1800+30"]

1. e4 e5 2. Nf3 Nc6 3. Bc4 Bc5 4. c3 Nf6 5. d3 d6 6. O-O h6 7. b4 Bb6 8. a4 a5 9. b5 Ne7 10. Bb3 O-O 11. Nbd2 c6 12. d4 exd4 13. cxd4 d5 14. e5 Ne4 15. Qe2 Bf5 16. Ba3 Nxd2 17. Qxd2 Qd7 18. bxc6 bxc6 19. Rac1 Rfc8 20. Rfd1 Ng6 21. Bc5 Bd8 22. Ba2 Bg4 23. Rc3 Bg5 24. Qc2 Bf5 25. Qe2 Nf4 26. Qf1 Rcb8 27. Nxg5 hxg5 28. Ba3 Rb6 29. Qe1 Rab8 30. Rg3 Rb2 31. Bxb2 Rxb2 32. Rd2 Qb7 33. Qc1 Ne2+ 34. Rxe2 Rxe2 35. Rb3 Qa7 36. Rb2 Rxb2 37. Qxb2 g6 38. h3 Kg7 39. Qc3 Qb6 40. Bb3 Qb4 41. Qxb4 axb4 42. Kf1 Bd3+ 43. Ke1 Kf8 44. Kd2 Bf1 45. a5 Ke7 46. Bd1 Kd8 47. Kc2 Bc4 48. Bg4 Kc7 49. g3 c5 50. dxc5 Kc6 51. e6 fxe6 52. Bxe6 Kxc5 53. Bf7 b3+ 54. Kb2 Kb5 55. Bxg6 Kxa5 56. h4 gxh4 57. gxh4 Be2 58. Kxb3 Kb5 59. h5 1-0

[Event "Skalica Open 2019"]
[Site "Skalica"]
[Date "2019.08.31"]
[Round "9.12"]
[White "Kantorik, Marian"]
[Black "Khmelev, Mikhail"]
[Result "1-0"]
[ECO "A40"]
[WhiteElo "2164"]
[BlackElo "2021"]
[Annotator "NA"]
[PlyCount "75"]
[EventDate "2019.08.25"]
[EventType "swiss"]
[EventCountry "SVK"]
[SourceTitle "playchess.com"]
[Source "ChessBase"]
[SourceQuality "1"]
[TimeControl "40/5400+30:1800+30"]

1. d4 Nf6 2. c4 e6 3. g3 Bb4+ 4. Nd2 c5 5. Ngf3 Nc6 6. dxc5 Bxc5 7. e3 O-O 8. Bg2 d5 9. O-O Bb6 10. b3 d4 11. exd4 Nxd4 12. Bb2 Nc6 13. Qe2 Qe7 14. Rad1 Re8 15. Ne5 Nxe5 16. Bxe5 Bc7 17. Bb2 e5 18. h3 $14 Bd7 19. Bxb7 Bxh3 20. Rfe1 Bg4 21. Bf3 Bxf3 22. Qxf3 Rad8 23. Ne4 Bb6 24. Nxf6+ Qxf6 25. Qxf6 gxf6 26. a3 Rxd1 27. Rxd1 e4 28. b4 e3 29. c5 e2 30. Re1 Bd8 31. Kg2 Kf8 32. Kf3 Re6 33. Rxe2 Rc6 34. Ke4 Ke7 35. Kd5+ Kd7 36. b5 Rc8 37. Bc3 a5 38. c6+ 1-0

[Event "Skalica Open 2019"]
[Site "Skalica"]
[Date "2019.08.31"]
[Round "9.14"]
[White "Kuznetsov, Mikhail V."]
[Black "Kapusta, Petr"]
[Result "1-0"]
[ECO "E63"]
[WhiteElo "2261"]
[BlackElo "2157"]
[Annotator "ChessBase"]
[PlyCount "87"]
[EventDate "2019.08.25"]
[EventType "swiss"]
[EventCountry "SVK"]
[SourceTitle "playchess.com"]
[Source "ChessBase"]
[SourceQuality "1"]
[TimeControl "40/5400+30:1800+30"]

1. d4 Nf6 2. Nf3 g6 3. c4 Bg7 4. g3 O-O 5. Bg2 d6 6. O-O Nc6 7. Nc3 a6 8. b3 Rb8 9. Bb2 b5 10. cxb5 axb5 11. d5 Na5 12. Nd4 b4 13. Ncb5 Bd7 14. Na7 Rb6 15. a3 bxa3 16. Rxa3 Nc4 17. bxc4 Rxb2 18. Qc1 Rb6 19. c5 dxc5 20. Qxc5 Nxd5 21. Ndc6 Bxc6 22. Nxc6 Rxc6 23. Qxc6 Nb4 24. Qc5 Qd6 25. Ra5 Qd2 26. Qxe7 Nc6 27. Rd5 Qxd5 28. Qxf8+ Kxf8 29. Bxd5 Nb4 30. Bb3 Ke7 31. Kg2 f5 32. Rd1 Be5 33. Kf3 c5 34. Ba4 g5 35. g4 f4 36. Rd7+ Ke6 37. Rb7 Bd6 38. Bb3+ Ke5 39. Rxh7 Nc6 40. e3 fxe3 41. fxe3 Na5 42. Bc2 c4 43. Rg7 Nc6 44. Rxg5+ {[%emt 0:00:20] Kd5 Ke4+} 1-0

[Event "Skalica Open 2019"]
[Site "Skalica"]
[Date "2019.08.31"]
[Round "9.15"]
[White "Londin, Simon"]
[Black "Bochnicka, Vladimir"]
[Result "1/2-1/2"]
[ECO "C42"]
[WhiteElo "2038"]
[BlackElo "2193"]
[Annotator "ChessBase"]
[PlyCount "52"]
[EventDate "2019.08.25"]
[EventType "swiss"]
[EventCountry "SVK"]
[SourceTitle "playchess.com"]
[Source "ChessBase"]
[SourceQuality "1"]
[TimeControl "40/5400+30:1800+30"]

1. e4 e5 2. Nf3 Nf6 3. Nxe5 d6 4. Nf3 Nxe4 5. Nc3 Nf6 6. d4 Be7 7. h3 Nbd7 8. Bd3 O-O 9. O-O Re8 10. Bg5 Nf8 11. Qd2 Ne6 12. Be3 d5 13. Rad1 c6 14. Ne5 Bd6 15. f4 Qc7 16. Qf2 Nf8 17. Ne2 Ne4 18. Qf3 f6 19. Ng4 Ng6 20. g3 Ne7 21. Nf2 f5 22. c3 Kh8 23. Bb1 Ng8 24. Nd3 Ngf6 25. Ne5 Be6 26. Kh1 g6 1/2-1/2

[Event "Skalica Open 2019"]
[Site "Skalica"]
[Date "2019.08.31"]
[Round "9.16"]
[White "Sefcik, Marek"]
[Black "Jun, Rudolf Jr."]
[Result "0-1"]
[ECO "B30"]
[WhiteElo "2024"]
[BlackElo "2114"]
[Annotator "ChessBase"]
[PlyCount "52"]
[EventDate "2019.08.25"]
[EventType "swiss"]
[EventCountry "SVK"]
[SourceTitle "playchess.com"]
[Source "ChessBase"]
[SourceQuality "1"]
[TimeControl "40/5400+30:1800+30"]

1. e4 c5 2. Nf3 Nc6 3. b3 d6 4. Bb2 a6 5. c4 e5 6. h3 Be6 7. Nc3 g6 8. g3 Bg7 9. Bg2 Nge7 10. d3 Rb8 11. O-O O-O 12. Nd5 h6 13. Nh2 f5 14. f4 b5 15. Nxe7+ Nxe7 16. fxe5 dxe5 17. Qe2 fxe4 18. dxe4 Nc6 19. Rxf8+ Qxf8 20. cxb5 axb5 21. Nf3 Nd4 22. Qf2 Qe7 23. Nxd4 exd4 24. b4 Rf8 25. Qd2 c4 26. Bxd4 Rd8 0-1

[Event "Skalica Open 2019"]
[Site "Skalica"]
[Date "2019.08.31"]
[Round "9.17"]
[White "Hrbek, Stepan"]
[Black "Gresova, Zuzana"]
[Result "1-0"]
[ECO "B52"]
[WhiteElo "2066"]
[BlackElo "2008"]
[Annotator "NA"]
[PlyCount "63"]
[EventDate "2019.08.25"]
[EventType "swiss"]
[EventCountry "SVK"]
[SourceTitle "playchess.com"]
[Source "ChessBase"]
[SourceQuality "1"]
[TimeControl "40/5400+30:1800+30"]

1. e4 c5 2. Nf3 d6 3. Bb5+ Bd7 4. Bxd7+ Qxd7 5. c4 Nc6 6. d4 cxd4 7. Nxd4 g6 8. b3 Bg7 9. Bb2 Nf6 10. Nc3 O-O 11. O-O Nh5 {[%emt 0:11:33] B52: Sicilian: Moscow Variation with 3...Bd7} (11... Rac8 12. Re1 Rfd8 13. Nd5 Ne8 14. Qd2 e6 15. Ne3 Nf6 16. Qc2 d5 17. e5 Nh5 18. Rad1 Qe7 19. g3 Rb8 20. Bc3 Qa3 21. Rd3 a5 22. Red1 Qc5 23. Qd2 Rdc8 {½-½ (23) Yu,Y (2725)-Lu,S (2607) Shenzhen 2016}) 12. Nxc6 Qxc6 $146 ({Predecessor:} 12... bxc6 13. Qd2 Qc7 14. f4 Rad8 15. Rad1 Nf6 16. Rf3 Nd7 17. Kh1 Rfe8 18. Rh3 Qa5 19. Rf1 d5 20. cxd5 cxd5 21. exd5 Nc5 22. f5 e6 23. fxe6 fxe6 24. d6 Qa6 25. Rhf3 Qxd6 26. Qxd6 {½-½ (26) Roy Laguens,A (2338)-Kyhos,A (2281) ICCF email 2016}) 13. Nd5 Rae8 14. Bxg7 Kxg7 15. Qd4+ Kg8 16. Rad1 Qc5 17. Rd3 Qxd4 18. Rxd4 f5 (18... Ng7 $14) 19. exf5 Rxf5 20. g4 e5 21. Re4 ({Less strong is} 21. gxf5 exd4 22. Rd1 Re4 $14) 21... Nf6 22. gxf5 Nxe4 23. f3 Nd2 24. Rf2 Nb1 25. Nf6+ Kf7 26. Nxe8 Kxe8 27. fxg6 hxg6 28. Rc2 Na3 29. Rc1 b6 30. Kf2 Ke7 $18 31. Ke3 Ke6 32. Ke4 {Kd5+} 1-0

[Event "Skalica Open 2019"]
[Site "Skalica"]
[Date "2019.08.31"]
[Round "9.18"]
[White "Kuna, Martin"]
[Black "Chan, Naruna"]
[Result "1/2-1/2"]
[ECO "B32"]
[WhiteElo "1969"]
[BlackElo "1950"]
[Annotator "NA"]
[PlyCount "53"]
[EventDate "2019.08.25"]
[EventType "swiss"]
[EventCountry "SVK"]
[SourceTitle "playchess.com"]
[Source "ChessBase"]
[SourceQuality "1"]
[TimeControl "40/5400+30:1800+30"]

1. e4 c5 2. Nf3 Nc6 3. d4 cxd4 4. Nxd4 e5 $14 5. Nb5 d6 6. c4 Be7 7. N1c3 a6 8. Na3 Be6 9. Nc2 Bg5 10. Bd3 Bxc1 11. Rxc1 Nf6 12. O-O O-O 13. Nd5 Rc8 14. Nce3 Nd4 15. Qd2 Nh5 16. Nc2 Nxc2 17. Rxc2 Bxd5 18. exd5 f5 19. b4 Nf4 20. g3 Ng6 21. Rfc1 Kh8 22. c5 dxc5 23. Rxc5 Rxc5 24. Rxc5 b6 25. Rc2 Qxd5 26. Bxa6 Qa8 27. Be2 1/2-1/2

[Event "Skalica Open 2019"]
[Site "Skalica"]
[Date "2019.08.31"]
[Round "9.19"]
[White "Lhotska, Anna"]
[Black "Kovarikova, Maria"]
[Result "1-0"]
[ECO "A16"]
[WhiteElo "1966"]
[BlackElo "1854"]
[Annotator "NA"]
[PlyCount "53"]
[EventDate "2019.08.25"]
[EventType "swiss"]
[EventCountry "SVK"]
[SourceTitle "playchess.com"]
[Source "ChessBase"]
[SourceQuality "1"]
[TimeControl "40/5400+30:1800+30"]

1. c4 Nf6 2. Nc3 g6 3. g3 Bg7 4. Bg2 O-O 5. e4 d6 6. Nge2 e5 7. d3 c6 8. O-O a5 9. h3 Nbd7 10. f4 Nb6 11. Be3 Nfd7 12. f5 Nf6 13. g4 d5 14. g5 d4 15. gxf6 Bxf6 16. Bh6 dxc3 17. Bxf8 cxb2 18. Rb1 Qxf8 19. Rxb2 gxf5 20. Kh2 Qc5 21. Ng3 f4 22. Nh5 Bh4 23. Bf3 Be6 24. Bg4 Kh8 25. Bxe6 fxe6 26. Qg4 Qe7 27. Rxb6 1-0

[Event "Skalica Open 2019"]
[Site "Skalica"]
[Date "2019.08.31"]
[Round "9.20"]
[White "Benes, Miroslav"]
[Black "Rakovsky, Jakub"]
[Result "1-0"]
[ECO "D51"]
[WhiteElo "2107"]
[BlackElo "1765"]
[Annotator "ChessBase"]
[PlyCount "49"]
[EventDate "2019.08.25"]
[EventType "swiss"]
[EventCountry "SVK"]
[SourceTitle "playchess.com"]
[Source "ChessBase"]
[SourceQuality "1"]
[TimeControl "40/5400+30:1800+30"]

1. d4 d5 2. c4 c6 3. Nc3 Nf6 4. Bg5 Nbd7 5. e3 e6 6. cxd5 cxd5 7. Bd3 Be7 8. Nf3 h6 9. Bh4 b6 10. O-O Bb7 11. Rc1 a6 12. h3 g5 13. Bg3 g4 14. hxg4 Rg8 15. Nh2 h5 16. gxh5 Rh8 17. Be2 Nf8 18. Bf4 Rg8 19. Kh1 Bd6 20. Bxd6 Qxd6 21. f4 N6d7 22. g4 f6 23. Bf3 e5 24. dxe5 fxe5 25. Nxd5 1-0

[Event "Skalica Open 2019"]
[Site "Skalica"]
[Date "2019.08.31"]
[Round "9.22"]
[White "Palka, Miroslav"]
[Black "Krupnova, Anna"]
[Result "1/2-1/2"]
[ECO "A34"]
[WhiteElo "1869"]
[BlackElo "1712"]
[Annotator "NA"]
[PlyCount "79"]
[EventDate "2019.08.25"]
[EventType "swiss"]
[EventCountry "SVK"]
[SourceTitle "playchess.com"]
[Source "ChessBase"]
[SourceQuality "1"]
[TimeControl "40/5400+30:1800+30"]

1. c4 c5 2. Nc3 g6 3. g3 Bg7 4. Bg2 d6 5. e4 Nc6 6. Nge2 Nf6 7. O-O O-O 8. d3 Ne8 9. Be3 Nd4 10. Qd2 Nc7 11. Bh6 e5 12. Bxg7 Kxg7 13. f4 f6 14. fxe5 dxe5 15. Nd5 Nxe2+ 16. Qxe2 Ne6 17. Rf2 Nd4 18. Qd2 Be6 19. Raf1 Bxd5 20. cxd5 Qd6 21. Bh3 a5 22. Bg4 a4 23. Bd1 a3 24. b3 b5 25. Qe3 Rac8 26. Be2 Rc7 27. Qc1 Qa6 28. g4 g5 29. Qe3 Qd6 30. h4 h6 31. hxg5 hxg5 32. Rh2 Rcc8 33. Kg2 Rh8 34. Rfh1 Rxh2+ 35. Rxh2 Rh8 36. Rxh8 Kxh8 37. Bd1 Kg7 38. Qc1 b4 39. Qe3 Nb5 40. Qf2 1/2-1/2

[Event "Skalica Open 2019"]
[Site "Skalica"]
[Date "2019.08.31"]
[Round "9.23"]
[White "Skreko, Igor"]
[Black "Hrubsa, Marian"]
[Result "1-0"]
[ECO "A36"]
[WhiteElo "1725"]
[BlackElo "1888"]
[Annotator "NA"]
[PlyCount "67"]
[EventDate "2019.08.25"]
[EventType "swiss"]
[EventCountry "SVK"]
[SourceTitle "playchess.com"]
[Source "ChessBase"]
[SourceQuality "1"]
[TimeControl "40/5400+30:1800+30"]

1. c4 c5 2. Nc3 Nc6 3. g3 g6 4. Bg2 Bg7 5. a3 Nf6 6. Rb1 d6 7. b4 {[%emt 0:03:03] A36: Symmetrical English vs ...g6: 4 Bg2 Bg7} (7. d3 a5 8. Bd2 O-O 9. Nh3 e6 10. O-O Bd7 11. Ng5 Ne8 12. Nb5 a4 13. Ne4 Qb8 14. Nec3 Nd4 15. Nxd4 cxd4 {0-1 (39) Bischoff,K (2513)-Granda Zuniga,J (2650) Acqui Terme 2017}) 7... Qc7 8. e3 $146 ({Predecessor:} 8. d3 O-O 9. Bg5 e6 10. Nf3 Nd7 11. Nb5 Qb8 12. Bf4 e5 13. Bd2 a6 14. Nc3 f5 {1-0 (22) Goldstern,F (2372)-Muelli,T (2051) Davos 2002}) 8... O-O 9. Nge2 Be6 10. d3 Qd7 11. O-O Rac8 12. Qc2 b6 (12... Bh3 $11 {keeps the balance.}) 13. Nf4 Bf5 14. e4 Nd4 15. Qd2 e5 16. exf5 exf4 17. Qxf4 Nh5 18. Qd2 Qxf5 19. Qd1 Nf6 20. Be3 Nd7 21. Nd5 Rfe8 22. g4 Qe6 23. Bxd4 Bxd4 24. Re1 Ne5 25. h3 Kg7 26. Qd2 Qd7 27. Re2 Qa4 28. Rbe1 Qxa3 29. Qg5 Bxf2+ 30. Kxf2 ({Not} 30. Rxf2 Nf3+ 31. Bxf3 Rxe1+ 32. Kh2 Qa1 $16) 30... Nxd3+ 31. Kg1 Rxe2 32. Qf6+ {[%emt 0:03:12] Double Attack} ({Weaker is} 32. Rxe2 Qc1+ 33. Qxc1 Nxc1 $16) 32... Kg8 33. Rxe2 Qc1+ 34. Kh2 1-0

[Event "Skalica Open 2019"]
[Site "Skalica"]
[Date "2019.08.31"]
[Round "9.24"]
[White "Kastler, Peter"]
[Black "Matusina, Miroslav"]
[Result "1-0"]
[ECO "E00"]
[WhiteElo "1724"]
[BlackElo "1644"]
[Annotator "NA"]
[PlyCount "177"]
[EventDate "2019.08.25"]
[EventType "swiss"]
[EventCountry "SVK"]
[SourceTitle "playchess.com"]
[Source "ChessBase"]
[SourceQuality "1"]
[TimeControl "40/5400+30:1800+30"]

1. d4 e6 2. c4 Bb4+ 3. Bd2 Qe7 4. e3 Nf6 5. Bxb4 Qxb4+ 6. Qd2 Qxd2+ 7. Nxd2 d6 8. Ngf3 b6 9. Be2 Bb7 10. O-O h6 11. Rac1 Nbd7 12. Rfd1 c5 13. dxc5 dxc5 14. Nb1 O-O 15. Nc3 a6 16. Rd2 Bxf3 17. Bxf3 Rab8 18. Rcd1 Ne5 19. Be2 g5 20. f3 Rfc8 21. b3 Kf8 22. h3 Ke7 23. Kf2 Ng6 24. Bd3 Ne5 25. Be2 Rd8 26. Rxd8 Rxd8 27. Rxd8 Kxd8 28. Na4 Ned7 29. Bd3 Ne5 30. Ke2 Kc7 31. Nc3 Nc6 32. Ne4 Nxe4 33. Bxe4 Ne7 34. g4 Kd6 35. f4 f6 36. Kf3 e5 37. Bd3 Nc6 38. Ke4 Ne7 39. Kf3 Ke6 40. a3 Nc6 41. Bh7 exf4 42. exf4 Nd4+ 43. Ke4 Nxb3 44. fxg5 fxg5 45. Bg8+ Kf6 46. Kd5 Na5 47. Kd6 b5 48. Kxc5 Nb7+ 49. Kc6 Na5+ 50. Kc5 Nb3+ 51. Kb4 Nd4 52. cxb5 axb5 53. Bh7 Ke5 54. Bd3 Kd6 55. Bxb5 Ne6 56. a4 Nc7 57. a5 Nd5+ 58. Ka4 Kc5 59. Bf1 Nc3+ 60. Kb3 Nd5 61. a6 Kb6 62. Kb2 Ne3 63. Be2 Ng2 64. Kc3 Nf4 65. Bf1 Ne6 66. Kd2 Kc7 67. Ke3 Nc5 68. Kd4 Ne6+ 69. Ke5 Nf4 70. Kf6 Nd5+ 71. Kg6 Ne3 72. Be2 Ng2 73. a7 Nf4+ 74. Kxh6 Kb7 75. Bf3+ Kxa7 76. Kxg5 Nxh3+ 77. Kh4 Nf4 78. g5 Kb6 79. Kg4 Ng6 80. Be4 Ne7 81. Kf4 Kc7 82. Ke5 Kd7 83. Kf6 Kd6 84. Bf3 Ng8+ 85. Kf7 Ne7 86. Bg4 Nc6 87. Bh3 Ne5+ 88. Kf6 Nd7+ 89. Bxd7 1-0